 Dungeon Crawl Stone Soup version 0.17-a0-1508-ge7f3dc3 (webtiles) character file.

46 patman the Sneak (level 3, 18/18 HPs)
             Began as a Vine Stalker Assassin on July 10, 2015.
             Quit the game on level 2 of the Dungeon.
             The game lasted 00:03:51 (982 turns).

patman the Sneak (Vine Stalker Assassin)             Turns: 982, Time: 00:03:51

Health: 18/18      AC:  4    Str: 13    XL:     3   Next: 66%
Magic:  4/4        EV: 13    Int: 11    God:
Gold:   70         SH:  0    Dex: 16    Spells: 0 memorised, 2 levels left

rFire  + . .     SeeInvis .     u - -1 whip (curse)
rCold  . . .     Clarity  .     c - +0 robe
rNeg   . . .     SustAt   .     (no shield)
rPois  .         Gourm    .     (no helmet)
rElec  .         Spirit   +     d - +1 cloak
rCorr  .         Warding  .     (no gloves)
rMut   .         Rnd*Tele +     (no boots)
MR     .....                    (no amulet)
Stlth  +++.......               t - ring of protection from fire
                                i - ring of teleportation

@: not resistant to hostile enchantments, fairly stealthy
A: fangs 2, regeneration 1, magic shield, antimagic bite, no device heal 3, rot
immunity
a: Evoke Teleportation


You were on level 2 of the Dungeon.
You were not hungry.

You visited 1 branch of the dungeon, and saw 2 of its levels.

You collected 70 gold pieces.

Inventory:

Hand weapons
 a - a +2 dagger
 b - a +0 blowgun
 p - a +0 short sword
 u - a cursed -1 whip (weapon)
Missiles
 e - 8 poisoned needles
 f - 2 curare-tipped needles
 q - 2 tomahawks (quivered)
Armour
 c - a +0 robe (worn)
 d - a +1 cloak (worn)
 k - a +0 ring mail
Jewellery
 i - a ring of teleportation (left hand)
 n - an uncursed amulet of regeneration {unknown}
 t - a ring of protection from fire (right hand)
Potions
 h - a potion of haste {unknown}
 l - a potion of lignification {unknown}
 m - 2 potions of curing {unknown}
 o - 2 potions of invisibility {unknown}
 r - a potion of poison {unknown}
 s - 2 potions of agility {unknown}
Comestibles
 g - 2 bread rations


   Skills:
 - Level 1.7 Fighting
 - Level 1.7 Short Blades
 - Level 1.7 Throwing
 * Level 2.7 Dodging
 - Level 4.8 Stealth


You had 2 spell levels left.
You didn't know any spells.

Dungeon Overview and Level Annotations

Branches:
Dungeon (2/15)

Altars:
Ashenzari
Dithmenos


Innate Abilities, Weirdness & Mutations

You have extremely sharp teeth.
Your natural rate of healing is unusually fast.
When hurt, damage is shared between your health and your magic reserves.
Your bite disrupts and absorbs the magic of your enemies.
Potions and wands cannot restore your health.
You are immune to rotting.


Message History

No target in view!
No target in view!
No target in view!
No target in view!
No target in view!
No target in view!
No target in view!
No target in view!
You see here a runed whip.
u - a runed whip All of the chunks of flesh in your inventory have rotted away.
j - a scroll labeled FYMABI BUVEICI Read which item? (? for menu, Esc to quit)
As you read the scroll labeled FYMABI BUVEICI, it crumbles to dust.
You feel as if something is helping you.
It was a scroll of remove curse.
Wield which item (- for none, * to show all)? (? for menu, Esc to quit)
It sticks to your hand!
u - a cursed -1 whip (weapon)
Are you sure you want to abandon this character and quit the game? (Confirm with "yes".)

............
#.#
#..#.##.##.
#.#.#
#..#.##.##.
#.#.#
#.)........
#.#.#
#.##.......
##.#.# #.
###..##.
#....# #.
#..##.
###....## #.
#..##.
#..†@...###.##
#..###
#.............
....
#.......#####
##..##
###...#.# #..#
#...#.# #..#
#####.# #..#
#.# #..### #.#
#..... #.#
#..###


There were no monsters in sight!

Vanquished Creatures
  An adder (D:2)
  A worm (D:2)
  2 ball pythons (D:1)
  4 bats
  2 giant cockroaches
  3 goblins
  5 hobgoblins
  3 giant newts
  2 jackals (D:2)
  4 kobolds
  4 rats
31 creatures vanquished.

Notes
Turn   | Place    | Note
--------------------------------------------------------------
     0 | D:1      | patman the Vine Stalker Assassin began the quest for the Orb.
     0 | D:1      | Reached XP level 1. HP: 11/11 MP: 2/2
    32 | D:1      | Reached skill level 1 in Dodging
   118 | D:1      | Reached XP level 2. HP: 13/15 MP: 3/3
   211 | D:1      | Found a shattered altar of Ashenzari.
   752 | D:2      | Found a shadowy altar of Dithmenos.
   760 | D:2      | Reached XP level 3. HP: 15/18 MP: 4/4
   982 | D:2      | Quit the game

Vault maps used:
D:1:      evilmike_arrival_come_back, corner_web_ring, minmay_splitting_lines,
          evilmike_ruin_ashenzari
D:2:      nicolae_dithmenos_shadow_blocks, uniq_crazy_yiuf_cottage, uniq_jessica

Action                   || total
-------------------------++-------
Melee: Dagger            ||    28
       Short sword       ||    60
  Use: Scroll            ||     4
 Stab: Sleeping          ||    11
